 Dungeon Crawl Stone Soup version 0.31-a0-204-g7da18cac08 (webtiles) character file.

Game seed: 950380853375956297

651821 Arzdou the Bringer of Light (level 27, 0/273 HPs)
             Began as a Hill Orc Fighter on June 27, 2023.
             Was the Champion of the Shining One.
             Slain by a sun demon (18 damage)
             ... in Pandemonium.
             The game lasted 03:13:29 (61924 turns).

Arzdou the Bringer of Light (Hill Orc Fighter)     Turns: 61924, Time: 03:13:29

Health: 0/273      AC: 42    Str: 30    XL:     27
Magic:  6/45       EV: 10    Int: 16    God:    the Shining One [******]
Gold:   3603       SH: 31    Dex: 13    Spells: 41/48 levels left

rFire   + + .        a - +9 broad axe (holy)
rCold   + + .        c - +8 tower shield
rNeg    + + +        z - +5 gold dragon scales "Rorhawn" {rPois rF+ rC+ Int+3}
rPois   +            o - +2 helmet {Int+3}
rElec   +            R - +2 cloak {Will+}
rCorr   +            B - +2 pair of gloves
SInv    .            P - +0 pair of boots of Incorporation {rElec rCorr Str-2}
Will    +++..        p - amulet of regeneration Stlth
                     M - ring "Garphen" {rF+ rC+ Str+3 Int+3}
HPRegen 1.45/turn    A - ring of the Pariah {+Blink MP+9 Str-4 Slay+4}
MPRegen 0.29/turn

%: no passive effects
@: glowing, studying 2 skills
A: talons 1, low MP 1, poison resistance, strong 1, inability to read after
injury 1, MP-powered wands
}: 5/15 runes: decaying, slimy, silver, abyssal, gossamer
a: Renounce Religion, Evoke Blink, Divine Shield, Cleansing Flame, Summon Divine
Warrior


You were in Pandemonium.
You worshipped the Shining One.
The Shining One was exalted by your worship.
You visited 12 branches of the dungeon, and saw 52 of its levels.
You visited Pandemonium 1 time, and saw 6 of its levels.
You visited the Abyss 1 time.
You also visited: Sewer and Ice Cave.

You collected 8695 gold pieces.
You spent 5092 gold pieces at shops.

Inventory:

Hand Weapons
 a - a +9 broad axe of holy wrath (weapon)
 b - a +2 war axe of flaming
 O - a +5 broad axe of freezing
Missiles
 K - a throwing net
 T - 24 atropa-tipped darts
Armour
 c - a +8 tower shield (worn)
 o - a +2 helmet of intelligence (worn)
 z - the +5 gold dragon scales "Rorhawn" (worn) {rPois rF+ rC+ Int+3}
   (You bought it in a shop on level 4 of the Dungeon)

   Int:       It affects your intelligence (+3).
   rF:        It protects you from fire.
   rC:        It protects you from cold.
   rPois:     It protects you from poison.
 B - a +2 pair of gloves (worn)
 F - the +1 pair of boots of the Monkey's Uncle {+Inv rElec Will+ Str-3}
   (You found it on level 3 of the Elven Halls)

   Str:       It affects your strength (-3).
   rElec:     It insulates you from electricity.
   +Inv:      It lets you turn invisible.
   Will:      It increases your willpower.
 P - the +0 pair of boots of Incorporation (worn) {rElec rCorr Str-2}
   (You found it on level 8 of the Dungeon)

   Str:       It affects your strength (-2).
   rElec:     It insulates you from electricity.
   rCorr:     It protects you from acid and corrosion.
 R - a +2 cloak of willpower (worn)
Jewellery
 m - the ring "Husil" {*Corrode rC+ Will+ Str+3 Slay+2}
   (You acquired it on level 2 of the Crypt)

   [ring of willpower]

   Str:       It affects your strength (+3).
   Slay:      It affects your accuracy & damage with ranged weapons and melee
   (+2).
   rC:        It protects you from cold.
   *Corrode:  It may corrode you when you take damage.
   Will:      It increases your willpower.
 p - an amulet of regeneration (around neck)
 A - the ring of the Pariah (right hand) {+Blink MP+9 Str-4 Slay+4}
   (You found it on level 3 of the Depths)

   [ring of slaying]

   Str:       It affects your strength (-4).
   Slay:      It affects your accuracy & damage with ranged weapons and melee
   (+4).
   MP:        It affects your magic capacity (+9).
   +Blink:    It lets you blink.
 G - the ring "Koefask" {rF+ rN+ MP+9 Dex-5}
   (You found it on level 3 of the Crypt)

   [ring of positive energy]

   Dex:       It affects your dexterity (-5).
   rF:        It protects you from fire.
   rN:        It protects you from negative energy.
   MP:        It affects your magic capacity (+9).
 M - the ring "Garphen" (left hand) {rF+ rC+ Str+3 Int+3}
   (You bought it in a shop on level 2 of the Elven Halls)

   [ring of protection from cold]

   Str:       It affects your strength (+3).
   Int:       It affects your intelligence (+3).
   rF:        It protects you from fire.
   rC:        It protects you from cold.
 S - the ring of Estamocw {rElec rN+ Dex+2}
   (You found it on level 3 of the Crypt)

   [ring of positive energy]

   Dex:       It affects your dexterity (+2).
   rElec:     It insulates you from electricity.
   rN:        It protects you from negative energy.
Wands
 f - a wand of digging (31)
 k - a wand of mindburst (20)
 u - a wand of polymorph (38)
 H - a wand of iceblast (34)
 U - a wand of light (31)
 Y - a wand of paralysis (21)
Scrolls
 d - 11 scrolls of fear
 h - 3 scrolls of butterflies
 i - 10 scrolls of fog
 j - 8 scrolls of immolation
 n - 3 scrolls of silence
 q - 10 scrolls of teleportation
 t - 5 scrolls of amnesia
 v - 6 scrolls of revelation
 D - 4 scrolls of poison
 N - 7 scrolls of vulnerability
 X - a scroll of enchant armour
Potions
 e - 7 potions of enlightenment
 g - 7 potions of attraction
 l - 15 potions of curing
 w - 4 potions of berserk rage
 x - a potion of magic
 C - 8 potions of resistance
 E - 3 potions of mutation
 I - 8 potions of ambrosia
 J - 5 potions of brilliance
 Q - 3 potions of haste
 V - 6 potions of might
 W - a potion of cancellation
 Z - 2 potions of heal wounds
Miscellaneous
 r - a phial of floods
 s - a tin of tremorstones (2/2)
 y - a lightning rod (4/4)
 L - a phantom mirror


   Skills:
 O Level 27 Fighting
 - Level 21.0 Axes
 - Level 5.0 Throwing
 + Level 21.2 Armour
 - Level 7.0 Dodging
 + Level 24.2 Shields
 + Level 11.2 Spellcasting
 + Level 7.6 Translocations
 O Level 27 Invocations
 + Level 16.7 Evocations


You had 41 spell levels left.
You knew the following spells:

 Your Spells              Type           Power      Damage    Failure   Level
a - Apportation           Tloc           66%        N/A       3%          1
b - Blink                 Tloc           66%        N/A       5%          2
c - Passage of Golubria   Tloc           33%        N/A       36%         4

Your spell library contained the following spells:

 Spells                   Type           Power      Damage    Failure   Level
 Lesser Beckoning         Tloc           66%        N/A       5%          2
 Gell's Gravitas          Tloc           33%        N/A       11%         3
 Teleport Other           Tloc           33%        N/A       11%         3
 Momentum Strike          Conj/Tloc      42%        3d9       26%         2
 Portal Projectile        Hex/Tloc       42%        N/A       47%         3
 Foxfire                  Conj/Fire      36%        2x1d5     65%         1
 Freeze                   Ice            36%        1d5       65%         1
 Magic Dart               Conj           36%        1d4       65%         1
 Necrotise                Necr           36%        1d5       65%         1
 Sandblast                Erth           18%        2d7       65%         1
 Slow                     Hex            36%        N/A       65%         1
 Summon Small Mammal      Summ           36%        N/A       65%         1
 Call Imp                 Summ           18%        N/A       78%         2
 Ensorcelled Hibernation  Hex/Ice        18%        N/A       78%         2
 Passwall                 Tmut/Erth      7%         N/A       78%         2
 Poisonous Vapours        Pois/Air       18%        N/A       78%         2
 Scorch                   Fire           18%        2d6       78%         2
 Sublimation of Blood     Necr           9%         N/A       78%         2
 Wereblood                Tmut           9%         N/A       78%         2
 Call Canine Familiar     Summ           9%         N/A       95%         3
 Confusing Touch          Hex            9%         N/A       95%         3
 Dazzling Flash           Conj/Hex       18%        N/A       95%         3
 Frozen Ramparts          Ice            18%        1d3       95%         3
 Hailstorm                Conj/Ice       9%         3d4       95%         3
 Ignite Poison            Fire/Tmut/Pois 9%         N/A       95%         3
 Inner Flame              Hex/Fire       9%         N/A       95%         3
 Mephitic Cloud           Conj/Pois/Air  9%         N/A       95%         3
 Ozocubu's Armour         Ice            9%         N/A       95%         3
 Spider Form              Tmut/Pois      9%         N/A       95%         3
 Stone Arrow              Conj/Erth      18%        3d8       95%         3
 Summon Guardian Golem    Hex/Summ       9%         N/A       95%         3
 Tukima's Dance           Hex            9%         N/A       95%         3
 Vampiric Draining        Necr           9%         2d6       95%         3
 Summon Forest            Summ/Tloc      10%        N/A       99%         5
 Anguish                  Hex/Necr       4%         N/A       100%        4
 Animate Armour           Summ/Erth      18%        N/A       100%        4
 Flame Wave               Conj/Fire      9%         2d6       100%        4
 Ice Form                 Ice/Tmut       9%         N/A       100%        4
 Sticky Flame             Conj/Fire      9%         2d3       100%        4
 Summon Ice Beast         Ice/Summ       9%         N/A       100%        4
 Summon Lightning Spire   Summ/Air       9%         N/A       100%        4
 Alistair's Intoxication  Tmut/Pois      6%         N/A       100%        5
 Arcjolt                  Conj/Air       4%         1d14      100%        5
 Blade Hands              Tmut           4%         N/A       100%        5
 Borgnjor's Vile Clutch   Necr/Erth      4%         N/A       100%        5
 Fireball                 Conj/Fire      4%         3d4       100%        5
 Freezing Cloud           Conj/Ice/Air   4%         6-21      100%        5
 Irradiate                Conj/Tmut      4%         3d13      100%        5
 Iskenderun's Battlesphe  Conj           9%         2d6       100%        5
 Metabolic Englaciation   Hex/Ice        4%         N/A       100%        5
 Silence                  Hex/Air        4%         N/A       100%        5
 Summon Mana Viper        Hex/Summ       9%         N/A       100%        5
 Yara's Violent Unravell  Hex/Tmut       4%         3d4       100%        5
 Conjure Ball Lightning   Conj/Air       4%         3x3d6     100%        6
 Eringya's Noxious Bog    Tmut/Pois      4%         N/A       100%        6
 Leda's Unmaking          Conj/Erth      4%         9d2       100%        6
 Plasma Beam              Fire/Air       4%         2x1d14    100%        6
 Simulacrum               Ice/Necr       4%         N/A       100%        6
 Starburst                Conj/Fire      4%         6d4       100%        6
 Statue Form              Tmut/Erth      6%         N/A       100%        6
 Summon Cactus Giant      Summ           4%         N/A       100%        6
 Dragon Form              Tmut           4%         N/A       100%        7
 Enfeeble                 Hex            4%         N/A       100%        7
 Malign Gateway           Summ/Tloc      10%        N/A       100%        7
 Monstrous Menagerie      Summ           4%         N/A       100%        7
 Orb of Destruction       Conj           4%         9d5       100%        7
 Ozocubu's Refrigeration  Ice            4%         4d8       100%        7
 Spellforged Servitor     Conj/Summ      4%         N/A       100%        7
 Summon Hydra             Summ           4%         N/A       100%        7
 Ignition                 Fire           4%         3d4       100%        8
 Infestation              Necr           4%         N/A       100%        8
 Lehudib's Crystal Spear  Conj/Erth      4%         10d3      100%        8
 Chain Lightning          Conj/Air       4%         3d6       100%        9
 Polar Vortex             Ice            4%         N/A       100%        9


Dungeon Overview and Level Annotations

Branches:
Dungeon (15/15)            Temple (1/1) D:6            Lair (5/5) D:11
  Swamp (4/4) Lair:2       Spider (4/4) Lair:2        Slime (5/5) Lair:5
    Orc (2/2) D:11            Elf (3/3) Orc:2        Vaults (5/5) D:13
  Crypt (3/3) Vaults:2       Tomb (0/3) Crypt:3      Depths (4/4) D:15
   Hell (visited)             Dis (0/7) Hell            Geh (0/7) Hell
    Coc (0/7) Hell            Tar (0/7) Hell            Zot (0/5) Depths:4
  Sewer (visited)           IceCv (visited)

Altars:
Ashenzari
Cheibriados
Dithmenos
Elyvilon
Gozag
Hepliaklqana
Kikubaaqudgha
Makhleb
Okawaru
Ru
Sif Muna
Trog
Uskayaw
Vehumet
Xom
Yredelemnul
Zin
The Shining One
Beogh
Jiyva

Shops:
D:2 [   D:4 [   Orc:2 *?*((?   Elf:2 =   Vaults:3 :   Depths:3 *   Depths:4 *

Portals:
Hell: Depths:1 Depths:2 Depths:3 Depths:4
Abyss: Depths:3
Pandemonium: Depths:2 Depths:3
Ziggurat: Depths:3

Annotations:
Lair:2 exclusion: oklob plant
Swamp:1 exclusion: 2 lightning spires
Elf:3 1 exclusion
Depths:3 3 runed translucent doors


Innate Abilities, Weirdness & Mutations

You have sharp toenails.
Your magical capacity is low. (-10% MP)
Your system is resistant to poisons. (rPois)
Your muscles are strong. (Str +4, Int/Dex -1)
You occasionally lose the ability to read scrolls when taking damage.
You expend magic power (3 MP) to strengthen your wands.


Message History

The sun demon writhes in agony!
The sun demon is moderately wounded.
Your divine shield fades away.
The Tzitzimitl calls on the powers of darkness!
Your body is wracked with pain!
* * * LOW HITPOINT WARNING * * *
The sun demon hits you but does no damage.
You block the reaper's attack. You block the sun demon's attack.
The Tzitzimitl gestures at you.
The bolt of negative energy hits Xukes.
Xukes completely resists.
The bolt of negative energy misses you. Xukes gestures at you.
The entropic shot hits you!!
* * * LOW HITPOINT WARNING * * *
The Tzitzimitl engulfs you but does no damage.
The Tzitzimitl completely misses you.
There is a gate leading to another region of Pandemonium, spattered with blood here.
Activating: Cleansing Flame (0% risk of failure)
Press: ? - help, Dir - look around, f - activate The golden flame engulfs you but does no damage.
You resist.
The golden flame engulfs the sun demon!!
The sun demon writhes in agony!
The sun demon is almost dead.
The golden flame engulfs Xukes!!
Xukes writhes in agony!
Xukes is lightly wounded.
The golden flame engulfs the Tzitzimitl!!!
The Tzitzimitl writhes in agony!
The Tzitzimitl is heavily wounded.
The golden flame engulfs the Tzitzimitl!
The Tzitzimitl writhes in agony!
The Tzitzimitl is heavily wounded.
The golden flame engulfs the soul eater!!!
The soul eater writhes in agony!
You kill the soul eater!
The Shining One accepts your kill.
The golden flame engulfs the reaper!!
The reaper writhes in agony!
The reaper is almost dead.
The sun demon hits you!!
You die...

... ... #2##
#..## #...##
#....##
##)..).##
####3......##
#.).1@.......
#.22&1.#####.
#.....##
#.φ1..#
#.....#
#######


You could see Xukes, 3 Tzitzimimeh, 2 reapers, a blizzard demon and a sun demon.

Vanquished Creatures
  the Royal Jelly (Slime:5)
  2 dread liches
  An ancient lich (Vaults:5)
  Mara (Depths:1)
  Sojobo (Vaults:3)
  The ghost of Inony the Crack Shot, a master FoHu of Okawaru (Vaults:2)
  the Lernaean hydra (Swamp:4)
  A curse toe (Crypt:3)
  Frederick (Vaults:2)
  Saint Roka (Vaults:1)
  Geryon (Hell)
  Nikola (Elf:1)
  A profane servitor (Crypt:3)
  4 golden dragons
  5 bone dragons
  Arachne (Spider:4)
  A hellephant (Depths:1)
  5 tentacled monstrosities
  An Ice Fiend (Pan)
  2 Hell Sentinels
  5 titans
  3 deep elf blademasters
  A walking earthen tome (Depths:2)
  8 liches
  19 acid blobs
  5 quicksilver dragons
  6 Executioners
  7 ancient champions
  A deep elf master archer (Elf:3)
  Murray (Hell)
  8 sphinxes
  11 tentacled starspawn
  7 shadow dragons
  A storm dragon (Depths:4)
  Gastronok (Lair:3)
  4 tengu reavers
  A thorn hunter (Swamp:4)
  4 revenants
  Kirke (Spider:2)
  The ghost of Matygoc the Slicer, an adept HaSk of Okawaru (Swamp:2)
  2 demonspawn warmongers (Pan)
  Donald (Vaults:3)
  5 draconian monks (Depths:4)
  2 fenstrider witches
  10 rockslimes
  9 azure jellies
  8 fire giants
  4 deep elf sorcerers
  A spectral juggernaut (Depths:2)
  2 emperor scorpions (Spider:3)
  11 frost giants
  A draconian knight (Depths:4)
  5 curse skulls
  Louise (Swamp:4)
  2 ghost moths
  12 vault wardens
  A deep elf elementalist (Elf:3)
  A juggernaut zombie (Crypt:1)
  5 balrugs
  2 broodmothers
  4 ghouls
  5 cacodemons
  A draconian shifter (Crypt:2)
  A war gargoyle (Vaults:2)
  4 reapers
  15 very ugly things
  2 ironbound thunderhulks (Vaults:1)
  A draconian annihilator (Depths:4)
  4 spriggan defenders
  5 quicksilver oozes
  A juggernaut skeleton (Crypt:1)
  14 ironbound preservers
  2 demonspawn corrupters (Pan)
  8 stone giants
  2 formless jellyfish
  Nessos (D:14)
  4 deep elf demonologists
  8 vampire knights
  7 green draconians (Depths:4)
  3 demonspawn black suns (Pan)
  5 eleionomae
  7 bunyips
  Azrael (Spider:2)
  8 black draconians
  5 purple draconians (Depths:4)
  8 deep elf annihilators
  3 white draconians (Depths:4)
  8 dire elephants
  2 lorocyprocas
  9 red draconians
  6 spark wasps
  3 green deaths
  8 blizzard demons
  2 mummy priests (Crypt:3)
  2 crystal guardians
  2 eidola (Crypt:1)
  10 ettins
  3 iron golems (Hell)
  8 deep elf death magi
  6 fire dragons
  7 yaktaur captains
  Josephine (D:13)
  10 great orbs of eyes
  A deep elf high priest (Vaults:5)
  The ghost of Aketubro the Blocker, a journeyman MiFi of Okawaru (Lair:1)
  8 jiangshi
  A kraken zombie (Hell)
  7 entropy weavers
  A quicksilver dragon skeleton (Crypt:1)
  3 peacekeepers
  2 shambling mangroves
  10 hydras
  2 ghost crabs
  31 vault guards
  4 jorogumos
  A hell beast (Pan)
  An anaconda (Depths:4)
  3 radroaches
  8 ice dragons
  5 spriggan air magi
  4 rakshasas
  A fenstrider witch skeleton (Crypt:1)
  7 death knights
  A caustic shrike simulacrum (IceCv)
  4 ironbound frosthearts
  11 boulder beetles
  14 centaur warriors
  33 dancing weapons
  11 death yaks
  5 deep troll shamans
  A spriggan skeleton (Crypt:2)
  5 two-headed ogres
  8 tengu warriors
  5 alligators
  12 deep troll earth magi
  7 demonic crawlers
  A shock serpent (shapeshifter) (Depths:2)
  An orc high priest (Elf:1)
  10 vampire magi
  10 spriggans
  6 spriggan berserkers
  16 thrashing horrors
  17 deep elf knights
  9 soul eaters
  A storm dragon zombie (Crypt:2)
  A hell knight (Hell)
  16 sun demons
  6 iron trolls
  5 pharaoh ants
  6 wretched stars
  3 skysharks
  A fire crab (Lair:5)
  6 sixfirhies
  A salamander mystic (Depths:2)
  A quicksilver dragon simulacrum (Abyss:3)
  15 skeletal warriors
  4 goliath frogs
  5 shadow wraiths
  2 shadow demons
  4 spriggan druids (Swamp:3)
  6 orb spiders
  A sea snake (shapeshifter) (Vaults:5)
  2 flayed ghosts
  An orange crystal statue (IceCv)
  A spatial maelstrom (Abyss:3)
  A shadow dragon zombie (Crypt:3)
  A storm dragon skeleton (Crypt:1)
  7 glowing orange brains
  A death drake (Depths:4)
  33 deep trolls
  8 orc knights
  11 phantasmal warriors
  14 swamp dragons
  A bunyip skeleton (Crypt:3)
  12 steelbarb worms
  3 bog bodies
  5 wizards
  5 deep elf archers
  36 deep elf zephyrmancers
  10 necromancers
  4 harpies
  2 anaconda skeletons
  17 ironbound convokers
  8 lindwurms
  A tengu zombie (Vaults:2)
  6 orc sorcerers
  28 ugly things
  4 shining eyes
  28 deep elf pyromancers
  3 will-o-the-wisps
  19 wolf spiders
  3 manticores (D:15)
  4 cyclopes
  2 iron dragon skeletons (Crypt:1)
  4 salamanders
  4 oklob plants (Lair:5)
  2 sphinx skeletons
  A stone giant skeleton (Vaults:2)
  3 worldbinders
  5 moths of wrath
  2 dire elephant zombies
  2 apocalypse crabs (Abyss:3)
  7 black mambas
  16 elephants
  A toenail golem (Abyss:4)
  4 eyes of devastation
  11 vault sentinels
  10 orange demons
  10 smoke demons
  2 naga zombies
  14 cane toads
  8 molten gargoyles
  A shock serpent skeleton (Crypt:3)
  A torpor snail (Spider:4)
  An unseen horror (shapeshifter) (Elf:1)
  4 hellions
  A centaur skeleton (Crypt:2)
  2 kobold demonologists
  4 efreet
  23 yaktaurs
  A golden dragon simulacrum (Abyss:3)
  2 unseen horrors
  8 freezing wraiths
  9 komodo dragons
  A rime drake (Lair:3)
  A cane toad (shapeshifter) (D:13)
  8 tengu conjurers
  A black draconian skeleton (Crypt:2)
  A harpy zombie (Crypt:1)
  4 ice devils
  5 ancient zymes
  6 trolls
  A red draconian skeleton (Crypt:3)
  2 red devils
  8 polar bears
  A bloated husk (Swamp:3)
  A mana viper skeleton (Crypt:3)
  7 meliai (Spider:4)
  12 hornets
  A merfolk (shapeshifter) (Elf:3)
  21 raiju
  13 tyrant leeches
  26 tarantellas
  4 hellwings
  An alligator zombie (Hell)
  18 blink frogs
  98 slime creatures
  2 dream sheep (Lair:4)
  An ettin zombie (Crypt:1)
  12 culicivoras
  4 water elementals
  14 jumping spiders
  A jumping spider (shapeshifter) (Depths:4)
  An ushabti (Crypt:3)
  7 wyverns
  4 flying skulls (Abyss:3)
  12 wraiths
  An ettin skeleton (Crypt:1)
  Eustachio (D:4)
  10 ynoxinuls
  A golden eye (Slime:3)
  54 yaks
  4 basilisks
  11 fire elementals
  50 redbacks
  7 chaos spawn
  A redback (shapeshifter) (Vaults:5)
  2 steam dragons (Lair:5)
  A hog (Spider:2)
  3 neqoxecs
  8 vampire mosquitoes
  2 nagas (Depths:4)
  11 wargs
  A harpy simulacrum (D:15)
  An elf skeleton (Vaults:2)
  24 large abominations
  A spatial vortex (Abyss:3)
  11 swamp worms
  An acid dragon (D:10)
  A water moccasin (shapeshifter) (Vaults:5)
  A skyshark zombie (Crypt:1)
  Duvessa (D:6)
  A floating eye (shapeshifter) (Depths:4)
  2 floating eyes (Depths:3)
  6 hell hounds
  13 water moccasins
  A demonspawn skeleton (Crypt:3)
  An ice beast (D:6)
  47 orc warriors
  4 swamp drakes
  2 sky beasts (D:8)
  9 black bears
  4 alligator simulacra (IceCv)
  2 ettin simulacra
  8 wolves (Lair:4)
  10 ogres
  A boggart (Vaults:2)
  6 centaurs
  A swamp dragon skeleton (Crypt:1)
  A blink frog skeleton (Crypt:3)
  6 kobold brigands
  5 necrophages
  A yaktaur skeleton (Crypt:2)
  A gnoll sergeant (D:12)
  A wyvern zombie (D:7)
  2 scorpions
  9 bullfrogs
  2 water moccasin zombies (D:5)
  An earth elemental (Abyss:3)
  A warg zombie (Crypt:1)
  20 wights
  A water moccasin skeleton (Crypt:2)
  Dowan (D:6)
  15 killer bees
  3 lindwurm simulacra (IceCv)
  15 small abominations
  5 howler monkeys
  A crimson imp (D:7)
  2 centaur zombies (D:7)
  5 lava snakes (Lair:5)
  A bullfrog zombie (D:7)
  A quasit (Abyss:4)
  19 orc priests
  A gnoll bouda (Lair:4)
  5 hounds
  A jelly (D:4)
  2 human zombies
  An iguana (D:6)
  33 starcursed masses
  An iron imp (Abyss:1)
  Jessica (D:2)
  A sleepcap (D:6)
  28 orc wizards
  4 hell rats (Hell)
  4 killer bee zombies (D:7)
  A deep dwarf zombie (Crypt:2)
  A hound zombie (D:5)
  A mummy (D:5)
  7 gnolls
  7 adders
  A swamp drake zombie (Crypt:3)
  3 white imps
  2 ufetubi
  A worm zombie (Crypt:3)
  2 adder zombies (D:5)
  6 worms
  3 dart slugs
  113 orcs
  6 bats
  10 endoplasms
  9 giant cockroaches
  10 goblins
  11 hobgoblins
  6 jackals
  4 quokkas
  8 ball pythons
  3 frilled lizards
  20 kobolds
  An orc zombie (Crypt:1)
  9 rats
  A spectral weapon (Swamp:3)
  11 starspawn tentacles
  4 tentacles (Hell)
2333 creatures vanquished.

Vanquished Creatures (collateral kills)
  2 dread liches
  Mennas (Pan)
  A golden dragon (Depths:4)
  3 liches
  Zenata (Vaults:3)
  2 titans (Vaults:5)
  3 Executioners
  A deep elf master archer (Elf:3)
  A sphinx (shapeshifter) (Vaults:5)
  4 tentacled starspawn (Abyss:4)
  4 acid blobs
  2 ancient champions (Crypt:3)
  3 tengu reavers
  3 storm dragons
  A revenant (Crypt:3)
  3 shadow dragons
  2 rockslimes (Slime:5)
  A frost giant (Vaults:5)
  2 azure jellies
  A fire giant (Vaults:5)
  A daeva (Pan)
  A balrug (Pan)
  3 vault wardens
  A caustic shrike zombie (Crypt:3)
  An angel (Pan)
  2 draconian shifters (Crypt:2)
  A cacodemon (Hell)
  A ghost moth (Spider:4)
  A stone giant (Vaults:5)
  2 demonspawn corrupters (Pan)
  A deep elf elementalist (Elf:3)
  4 quicksilver oozes
  A reaper (Hell)
  2 ironbound preservers (Vaults:5)
  A broodmother (Spider:2)
  A very ugly thing (Abyss:4)
  A broodmother (shapeshifter) (Elf:1)
  An ironbound thunderhulk (Vaults:2)
  2 demonspawn black suns (Pan)
  4 deep elf annihilators
  An eleionoma (Swamp:4)
  A deep elf demonologist (Elf:3)
  2 blizzard demons
  A bunyip (Swamp:4)
  An eidolon (Crypt:3)
  A green death (Pan)
  3 deep elf death magi (Elf:3)
  An ettin (Vaults:5)
  2 crystal guardians (Vaults:2)
  2 fire dragons (Depths:4)
  3 jiangshi
  3 entropy weavers
  7 yaktaur captains
  4 deep elf high priests
  An ice dragon (Depths:1)
  5 great orbs of eyes
  2 vault guards (Vaults:5)
  3 ogre magi
  A peacekeeper (Vaults:2)
  5 hydras (Swamp:4)
  A spriggan air mage (Swamp:3)
  A spriggan skeleton (Crypt:3)
  A merfolk aquamancer (Crypt:2)
  A dancing weapon (Vaults:5)
  A deep troll earth mage (Vaults:5)
  2 thrashing horrors (Abyss:4)
  A titan zombie (Crypt:3)
  A hell knight (Hell)
  A demonic crawler (Pan)
  4 sun demons
  A pharaoh ant (Spider:2)
  An iron troll (Hell)
  2 shadow wraiths (Crypt:3)
  2 skeletal warriors (Crypt:3)
  2 soul eaters (Crypt:2)
  2 wretched stars (Abyss:4)
  A sixfirhy (Pan)
  A glowing orange brain (Abyss:4)
  5 deep trolls
  3 swamp dragons (Swamp:4)
  3 ironbound convokers
  2 deep elf archers (Elf:1)
  A harpy (Vaults:2)
  5 deep elf zephyrmancers
  2 ugly things
  4 deep elf pyromancers
  A wolf spider (Spider:2)
  A phantasmal warrior (Vaults:5)
  A worldbinder (Abyss:4)
  A dire elephant zombie (Crypt:3)
  A vault sentinel (Vaults:5)
  A centaur skeleton (Crypt:2)
  A smoke demon (Hell)
  2 torpor snails
  4 orange demons
  A purple draconian zombie (Crypt:3)
  8 yaktaurs
  A kobold demonologist (Crypt:2)
  3 rime drakes (Swamp:4)
  3 freezing wraiths
  A sea snake zombie (Hell)
  A hydra zombie (Hell)
  2 guardian mummies (Crypt:3)
  A queen bee (Spider:2)
  A sea snake skeleton (Hell)
  A hornet (shapeshifter) (Abyss:4)
  3 tyrant leeches (Swamp:4)
  A red devil (Pan)
  2 tarantellas (Spider:2)
  A silent spectre (Crypt:2)
  4 hornets
  An ettin zombie (Crypt:3)
  A harpy skeleton (Crypt:2)
  An alligator zombie (Hell)
  A jumping spider (Spider:2)
  8 slime creatures
  A small abomination (Abyss:4)
  2 culicivoras (Spider:2)
  A water elemental (Hell)
  2 large abominations (Abyss:4)
  2 spriggans (Swamp:3)
  A human (Crypt:2)
  2 neqoxecs (Pan)
  3 hogs (Spider:2)
  4 starcursed masses (Abyss:4)
  A chaos spawn (Pan)
  2 swamp worms (Swamp:4)
  2 orc warriors
  A swamp drake (Swamp:4)
  A snapping turtle zombie (Crypt:2)
  A raiju zombie (Crypt:2)
  3 orc priests
  9 hell rats (Hell)
  A naga skeleton (Crypt:3)
  An ufetubus (Abyss:4)
  2 orcs (Orc:1)
  3 starspawn tentacles (Abyss:4)
277 creatures vanquished.

Vanquished Creatures (others)
  A frost giant (Hell)
  An alligator (Swamp:4)
  A soul eater (Hell)
  A goliath frog (Swamp:3)
  A deep elf zephyrmancer (Elf:1)
  An ironbound convoker (Vaults:5)
  2 bloated husks
  A hornet (Swamp:3)
  A raiju (Abyss:3)
  A culicivora (Spider:4)
  2 golden eyes (Abyss:3)
  A swamp drake (Swamp:4)
  A small abomination (Abyss:4)
  An orc (Vaults:1)
  2 ball lightnings (Swamp:1)
  25 foxfires
  A lurking horror (Abyss:3)
  35 starspawn tentacles
  A tentacle (Hell)
80 creatures vanquished.

Grand Total: 2690 creatures vanquished

Notes
Turn   | Place    | Note
-------+----------+-------------------------------------------
     0 | D:1      | Arzdou the Hill Orc Fighter began the quest for the Orb.
     0 | D:1      | Reached XP level 1. HP: 19/19 MP: 1/1
   261 | D:1      | Reached XP level 2. HP: 24/27 MP: 2/2
   502 | D:1      | Reached XP level 3. HP: 33/33 MP: 3/3
  1159 | D:2      | Noticed Jessica
  1169 | D:2      | Killed Jessica
  1170 | D:2      | Reached XP level 4. HP: 24/41 MP: 4/4
  1485 | D:2      | Found Takhuris's Armour Shoppe.
  1494 | D:2      | Bought a +0 helmet for 63 gold pieces
  1647 | D:3      | Found a sacrificial altar of Ru.
  1750 | D:3      | Reached XP level 5. HP: 17/47 MP: 5/5
  2151 | D:4      | Noticed Eustachio
  2300 | D:4      | Identified the +2 whip "Xioty" {heavy, rC+}
  2342 | D:4      | Reached skill level 5 in Axes
  2349 | D:4      | Reached XP level 6. HP: 55/55 MP: 6/6
  2398 | D:4      | Found an iron altar of Okawaru.
  2465 | D:4      | Reached skill level 5 in Fighting
  2465 | D:4      | Found Ra's Dragon-Slaying Spoils.
  2701 | D:4      | Killed Eustachio
  2702 | D:4      | Reached skill level 5 in Shields
  2702 | D:4      | Reached XP level 7. HP: 38/61 MP: 7/7
  2822 | D:4      | Found a shadowy altar of Dithmenos.
  2851 | D:5      | Entered Level 5 of the Dungeon
  2866 | D:5      | Reached skill level 5 in Armour
  3230 | D:5      | Reached XP level 8. HP: 14/70 MP: 8/8
  3989 | D:6      | Noticed Duvessa
  3989 | D:6      | Noticed Dowan
  4027 | D:6      | Killed Duvessa
  4031 | D:6      | Killed Dowan
  4106 | D:6      | Got Hasipsel's Vademecum on Brilliant Permutations
  4175 | D:6      | Found a staircase to the Ecumenical Temple.
  4186 | Temple   | Entered the Ecumenical Temple
  4200 | Temple   | Became a worshipper of the Shining One
  4214 | Temple   | Reached skill level 10 in Axes
  4339 | D:6      | Found a glowing drain.
  4344 | D:6      | Reached XP level 9. HP: 79/79 MP: 9/9
  4362 | Sewer    | Entered a sewer
  4839 | D:5      | Found an ancient bone altar of Kikubaaqudgha.
  4904 | D:5      | Reached * piety under the Shining One
  5061 | D:7      | Reached skill level 1 in Invocations
  5404 | D:7      | Reached ** piety under the Shining One
  5684 | D:7      | Reached XP level 10. HP: 78/91 MP: 12/12
  6267 | D:7      | Found a burning altar of Makhleb.
  6268 | D:7      | Found a radiant altar of Vehumet.
  6798 | D:8      | Identified the +0 pair of boots of Incorporation {rElec
                  | rCorr Str-2}
  6894 | D:8      | Found a shimmering altar of Xom.
  7066 | D:9      | Reached skill level 5 in Invocations
  7940 | D:10     | Entered Level 10 of the Dungeon
  8043 | D:10     | Reached *** piety under the Shining One
  8056 | D:10     | Reached skill level 10 in Fighting
  8322 | D:11     | Noticed a purple ugly thing
  8350 | D:11     | Killed a purple ugly thing
  8405 | D:11     | Noticed an unseen horror
  8417 | D:11     | Killed an unseen horror
  8457 | D:11     | Noticed a centaur warrior
  8458 | D:11     | Reached skill level 15 in Axes
  8461 | D:11     | Reached XP level 11. HP: 90/101 MP: 14/16
  8473 | D:11     | Killed a centaur warrior
  8558 | D:11     | Found a staircase to the Lair.
  8607 | D:11     | Found a broken altar of Ashenzari.
  8607 | D:11     | Identified the +1 scale mail of Boiling Hail {Str+6 Int-4
                  | Dex+2}
  8713 | D:11     | Found a staircase to the Orcish Mines.
  9111 | D:10     | Reached **** piety under the Shining One
  9123 | D:10     | Reached skill level 1 in Throwing
  9261 | D:10     | Noticed a two-headed ogre
  9271 | D:10     | Killed a two-headed ogre
  9414 | D:10     | Noticed a two-headed ogre
  9424 | D:10     | Killed a two-headed ogre
  9756 | Lair:1   | Entered Level 1 of the Lair of Beasts
  9996 | Lair:1   | Found a large runed translucent door.
  9996 | Lair:1   | Found a large runed translucent door.
  9998 | Lair:1   | Noticed Aketubro's ghost (journeyman MiFi)
 10173 | Lair:1   | Reached skill level 10 in Invocations
 10186 | Lair:1   | Reached XP level 12. HP: 42/112 MP: 15/19
 10703 | Lair:2   | Found a hole to the Spider Nest.
 10903 | Lair:2   | Noticed a five-headed hydra
 11220 | Lair:2   | Found a staircase to the Swamp.
 11602 | Lair:2   | Noticed a skyshark
 11630 | Lair:2   | Killed a skyshark
 11820 | Lair:2   | Killed a five-headed hydra
 12168 | Lair:2   | Found an iron altar of Okawaru.
 12292 | Lair:3   | Reached skill level 5 in Throwing
 12299 | Lair:3   | Reached XP level 13. HP: 98/122 MP: 22/22
 12609 | Lair:3   | Reached ***** piety under the Shining One
 12862 | Lair:3   | Noticed Gastronok
 12888 | Lair:3   | Killed Gastronok
 12889 | Lair:3   | Reached skill level 15 in Invocations
 13020 | Lair:3   | Reached skill level 10 in Armour
 13861 | Lair:4   | Reached XP level 14. HP: 119/133 MP: 26/26
 14908 | D:4      | Bought the +5 gold dragon scales "Rorhawn" {rPois rF+ rC+
                  | Int+3} for 1126 gold pieces
 15155 | Lair:5   | Entered Level 5 of the Lair of Beasts
 15931 | Lair:5   | Reached skill level 15 in Fighting
 16225 | Lair:5   | Found a large runed translucent door.
 16326 | Lair:5   | Found a large runed translucent door.
 16828 | Lair:5   | Found a staircase to the Slime Pits.
 16830 | Lair:5   | Found a viscous altar of Jiyva.
 17089 | Orc:1    | Entered Level 1 of the Orcish Mines
 17264 | Orc:2    | Entered Level 2 of the Orcish Mines
 17963 | Orc:2    | Reached XP level 15. HP: 111/143 MP: 28/28
 17994 | Orc:2    | Found Nuqe's General Store.
 17994 | Orc:2    | Found Cazeug's Magic Scroll Shoppe.
 18031 | Orc:2    | Bought a scroll of blinking for 112 gold pieces
 18040 | Orc:2    | Bought a scroll of identify for 20 gold pieces
 18040 | Orc:2    | Bought a scroll of identify for 20 gold pieces
 18040 | Orc:2    | Bought a scroll of identify for 20 gold pieces
 18040 | Orc:2    | Bought a scroll of blinking for 75 gold pieces
 18050 | Orc:2    | Found a roughly hewn altar of Beogh.
 18069 | Orc:2    | Found Noutav's Magic Scroll Emporium.
 18222 | Orc:2    | Found Juilen's Weapon Boutique.
 18222 | Orc:2    | Found Sorinan's Antique Weapon Shoppe.
 18358 | Orc:2    | Bought a runed broad axe for 189 gold pieces
 18399 | Orc:2    | Bought a scroll of brand weapon for 95 gold pieces
 18483 | Orc:2    | Found a staircase to the Elven Halls.
 18645 | Orc:2    | Found Tyoddyapt's Overcharged Wands.
 19008 | D:2      | Bought a +0 pair of gloves for 63 gold pieces
 20203 | D:13     | Noticed Josephine
 20213 | D:13     | Killed Josephine
 20414 | D:13     | Identified the +3 pair of gloves of Sulun {Contam rElec rC-
                  | Dex+5}
 20426 | D:13     | Found a gate to the Vaults.
 20716 | D:13     | Reached skill level 1 in Dodging
 21044 | D:14     | Identified the +3 glaive "Rakhlas" {flame, Fragile Will+
                  | Stlth+}
 21196 | D:14     | Noticed Nessos
 21220 | D:14     | Killed Nessos
 21343 | D:15     | Entered Level 15 of the Dungeon
 21600 | D:15     | Found a staircase to the Depths.
 21634 | D:15     | Found a frozen archway.
 21641 | IceCv    | Entered an ice cave
 21671 | IceCv    | Found a transporter.
 21681 | IceCv    | Found a transporter.
 21957 | D:15     | Found a hide-covered altar of Uskayaw.
 22157 | D:15     | Reached XP level 16. HP: 125/154 MP: 30/30
 22910 | Elf:1    | Entered Level 1 of the Elven Halls
 23316 | Elf:1    | HP: 5/155 [deep elf annihilator/crystal spear (57)]
 23390 | Elf:1    | Got the Elucidation of Energy
 23578 | Elf:1    | Noticed Nikola
 23593 | Elf:1    | Killed Nikola
 24249 | Elf:2    | Reached skill level 5 in Dodging
 24297 | Elf:2    | Found an ancient bone altar of Kikubaaqudgha.
 24492 | Elf:2    | Found Ycoissar's Jewellery Shoppe.
 24641 | Elf:2    | Reached XP level 17. HP: 156/163 MP: 31/31
 24652 | Elf:2    | Found a runed translucent gate.
 24652 | Elf:2    | Found a runed translucent gate.
 24652 | Elf:2    | Found a runed translucent gate.
 24981 | Elf:2    | Noticed a deep elf blademaster
 25006 | Elf:2    | Killed a deep elf blademaster
 25480 | Elf:3    | Entered Level 3 of the Elven Halls
 25515 | Elf:3    | Reached skill level 10 in Shields
 26368 | Elf:2    | Bought the ring "Garphen" {rF+ rC+ Str+3 Int+3} for 877
                  | gold pieces
 26612 | Elf:3    | Noticed a deep elf master archer
 26616 | Elf:3    | Noticed a deep elf blademaster
 26632 | Elf:3    | Killed a deep elf blademaster
 26632 | Elf:3    | Noticed a deep elf blademaster
 26635 | Elf:3    | Killed a deep elf blademaster
 26654 | Elf:3    | Reached skill level 15 in Armour
 26660 | Elf:3    | Noticed an Ice Fiend
 26668 | Elf:3    | Noticed a deep elf master archer
 26677 | Elf:3    | Killed a deep elf master archer
 26689 | Elf:3    | Killed a deep elf master archer
 26709 | Elf:3    | Noticed a Brimstone Fiend
 26853 | Elf:3    | Reached XP level 18. HP: 149/176 MP: 32/32
 27251 | Elf:3    | Noticed a Tzitzimitl
 27600 | Elf:3    | Identified the +8 hand axe "Yfry" {freeze, rElec}
 27600 | Elf:3    | Identified the ring "Wecwo" {rPois rN+ Str+5 Int-5 Dex-2}
 27620 | Elf:3    | Identified the +11 scimitar "Beetleslayer" {holy, rPois
                  | Will+}
 27823 | Elf:3    | Identified the +0 orcbow of Dowdy Expedience {drain, Will+
                  | rCorr SInv}
 27901 | Elf:3    | Identified the +1 pair of boots of the Monkey's Uncle {+Inv
                  | rElec Will+ Str-3}
 28206 | Spider:1 | Entered Level 1 of the Spider Nest
 28256 | Spider:1 | You fall into a shaft and drop 1 floor!
 28258 | Spider:2 | Noticed Kirke
 28277 | Spider:2 | Killed Kirke
 28969 | Spider:2 | Noticed Azrael
 28982 | Spider:2 | Killed Azrael
 29418 | Spider:1 | Reached skill level 1 in Evocations
 29617 | Spider:1 | Reached ****** piety under the Shining One
 30539 | Spider:3 | Identified a +7 broad axe of holy wrath (a +5 broad axe of
                  | venom blessed by the Shining One)
 30539 | Spider:3 | Received a gift from the Shining One
 31106 | Spider:4 | Entered Level 4 of the Spider Nest
 31115 | Spider:3 | Paralysed by a jorogumo for 1 turns
 31175 | Spider:4 | Reached XP level 19. HP: 185/185 MP: 33/33
 31418 | Spider:4 | Identified the +4 scale mail of Unreason {rPois rF- Str-2
                  | Dex+10}
 31627 | Spider:4 | Noticed Arachne
 31644 | Spider:4 | Killed Arachne
 32290 | Spider:4 | Got a gossamer rune of Zot
 32705 | Vaults:1 | Entered Level 1 of the Vaults
 32750 | Vaults:1 | Reached skill level 5 in Evocations
 33435 | Vaults:1 | Noticed Saint Roka
 33457 | Vaults:1 | Killed Saint Roka
 34017 | Vaults:2 | Noticed Frederick
 34037 | Vaults:2 | Killed Frederick
 34211 | Vaults:2 | Reached XP level 20. HP: 198/198 MP: 32/34
 34218 | Vaults:2 | Found a staircase to the Crypt.
 34307 | Vaults:2 | Identified the +8 tower shield "Iratova" {rF+ rC- rN+
                  | Will+++}
 34534 | Vaults:2 | Reached skill level 15 in Shields
 34629 | Vaults:2 | Found a runed translucent gate.
 34629 | Vaults:2 | Found a runed translucent gate.
 34629 | Vaults:2 | Found a runed translucent gate.
 34630 | Vaults:2 | Noticed Inony's ghost (master FoHu)
 34647 | Vaults:2 | Identified the +8 shortbow "Isiwoax" {flame, rPois Str+4
                  | SInv Stlth-}
 35761 | Lair:1   | Killed Aketubro's ghost
 36266 | Vaults:3 | Reached skill level 10 in Evocations
 36271 | Vaults:3 | Noticed Donald
 36287 | Vaults:3 | Killed Donald
 36533 | Vaults:3 | Found Alohiwef's Book Shop.
 36735 | Vaults:3 | Noticed Sojobo
 36754 | Vaults:3 | Noticed Zenata
 37059 | Vaults:4 | Reached XP level 21. HP: 201/205 MP: 36/36
 38275 | Vaults:3 | Paralysed by an air elemental for 1 turns
 38277 | Vaults:3 | Killed Sojobo
 38354 | Vaults:3 | Killed Zenata
 39007 | Orc:2    | Bought a scroll of revelation for 105 gold pieces
 39007 | Orc:2    | Bought a scroll of enchant armour for 105 gold pieces
 39007 | Orc:2    | Bought a scroll of enchant weapon for 105 gold pieces
 39075 | Orc:2    | Bought a scroll of fear for 60 gold pieces
 39084 | Orc:2    | Bought a scroll of fear for 40 gold pieces
 39170 | Swamp:1  | Entered Level 1 of the Swamp
 40300 | Swamp:2  | Found a large runed translucent door.
 40300 | Swamp:2  | Found a large runed translucent door.
 40301 | Swamp:2  | Noticed Matygoc's ghost (adept HaSk)
 40789 | Swamp:2  | Killed Matygoc's ghost
 41113 | Vaults:3 | Bought a manual of Fighting for 1440 gold pieces
 42656 | Swamp:4  | Entered Level 4 of the Swamp
 42767 | Swamp:4  | Noticed the 27-headed Lernaean hydra
 42783 | Swamp:4  | Killed the 23-headed Lernaean hydra
 42927 | Swamp:4  | Reached XP level 22. HP: 220/220 MP: 38/38
 43072 | Swamp:4  | Got a decaying rune of Zot
 43140 | Swamp:4  | Noticed Louise
 43155 | Swamp:4  | Killed Louise
 43600 | Depths:1 | Entered Level 1 of the Depths
 43699 | Depths:1 | Noticed Mara
 43710 | Depths:1 | Killed Mara
 43900 | Depths:1 | Found a transporter.
 43902 | Depths:1 | Found a transporter.
 43907 | Depths:1 | Found a transporter.
 44042 | Depths:1 | Found a transporter.
 44222 | Depths:1 | Found a gateway to Hell.
 44929 | Depths:2 | Found a one-way gate leading to the halls of Pandemonium.
 45342 | Depths:2 | Found a basalt altar of Yredelemnul.
 45831 | Depths:2 | Gained mutation: You have sharp toenails. [a shining eye]
 46130 | Depths:3 | Found a one-way gate to the infinite horrors of the Abyss.
 46185 | Depths:3 | Noticed a golden dragon
 46201 | Depths:3 | Killed a golden dragon
 46374 | Depths:3 | Reached XP level 23. HP: 226/227 MP: 40/40
 46393 | Depths:3 | Found Petaha Locs's Assorted Antiques.
 46431 | Depths:3 | Reached skill level 27 in Invocations
 46466 | Depths:3 | Bought a runed hat for 168 gold pieces
 46466 | Depths:3 | Bought a potion of might for 96 gold pieces
 46615 | Depths:3 | Found a hide-covered altar of Uskayaw.
 46707 | Depths:3 | Identified the +1 pair of gloves of the Tundras {Harm}
 46727 | Depths:3 | Found a one-way gateway to a ziggurat.
 46839 | Depths:3 | Identified the ring of Fixation {rPois EV+5}
 47163 | Depths:4 | Entered Level 4 of the Depths
 47163 | Depths:4 | Noticed a golden dragon
 47180 | Depths:3 | Killed a golden dragon
 47513 | Depths:4 | Found Ojurohy's Serpentskin Sales.
 47949 | Depths:4 | Noticed a golden dragon
 47968 | Depths:4 | Noticed a golden dragon
 47970 | Depths:4 | Killed a golden dragon
 47982 | Depths:4 | Killed a golden dragon
 47987 | Depths:4 | Noticed a golden dragon
 48001 | Depths:4 | Killed a golden dragon
 48196 | Depths:4 | Found a gate to the Realm of Zot.
 48285 | Depths:4 | HP: 6/238 [yellow draconian annihilator/crystal spear (69)]
 48798 | Depths:4 | Reached skill level 15 in Evocations
 48819 | Depths:4 | Reached skill level 27 in Fighting
 49199 | Depths:3 | Found a runed translucent door.
 49200 | Depths:3 | Found a runed translucent door.
 49221 | Depths:3 | Reached XP level 24. HP: 238/247 MP: 40/40
 49236 | Depths:3 | Found a runed translucent door.
 49239 | Depths:3 | Found a runed translucent door.
 49389 | Depths:3 | Identified the +10 hand axe "Ixat" {flame, rN+++ Will++
                  | MP-9 Stlth+}
 49397 | Depths:3 | Got Teheff's Precepts of Putrid Nightshade
 49414 | Depths:3 | Identified the +11 lajatang "Hegew" {freeze, MP+9 Str-2
                  | Dex+4}
 49416 | Depths:3 | Identified the +1 scale mail of Nemelex Xobeh's Pride
                  | {Rampage rC+ Str-4 Stlth+}
 49435 | Depths:3 | Identified the ring of the Pariah {+Blink MP+9 Str-4
                  | Slay+4}
 49526 | Depths:3 | Voluntarily entered the Abyss.
 49811 | Abyss:1  | Found a corrupted altar of Lugonu.
 49820 | Abyss:1  | Found a corrupted altar of Lugonu.
 49845 | Abyss:1  | Found a corrupted altar of Lugonu.
 49845 | Abyss:1  | Found a corrupted altar of Lugonu.
 49983 | Abyss:3  | Found a corrupted altar of Lugonu.
 50163 | Abyss:3  | Found an opulent altar of Gozag.
 50231 | Abyss:3  | Found an opulent altar of Gozag.
 50287 | Abyss:3  | Gained mutation: You occasionally shout uncontrollably at
                  | your foes. [a neqoxec]
 50357 | Abyss:3  | Paralysed by accursed screaming for 1 turns
 50638 | Abyss:3  | Noticed a dread lich
 50650 | Abyss:3  | Killed a dread lich
 50840 | Abyss:3  | Found a corrupted altar of Lugonu.
 50893 | Abyss:4  | Found a corrupted altar of Lugonu.
 50933 | Abyss:4  | Found a corrupted altar of Lugonu.
 51162 | Abyss:4  | Found a corrupted altar of Lugonu.
 51162 | Abyss:4  | Found a corrupted altar of Lugonu.
 51162 | Abyss:4  | Found a corrupted altar of Lugonu.
 51186 | Abyss:4  | Found a corrupted altar of Lugonu.
 51196 | Abyss:4  | Gained mutation: You are clumsy. (Dex -2) [a shining eye]
 51197 | Abyss:4  | Gained mutation: You sometimes lose your temper in combat.
                  | [a shining eye]
 51207 | Abyss:4  | Lost mutation: You occasionally shout uncontrollably at
                  | your foes. [potion of mutation]
 51207 | Abyss:4  | Lost mutation: You have sharp toenails. [potion of
                  | mutation]
 51207 | Abyss:4  | Lost mutation: You are clumsy. (Dex -2) [potion of
                  | mutation]
 51207 | Abyss:4  | Gained mutation: You have supernaturally acute eyesight.
                  | (SInv) [potion of mutation]
 51207 | Abyss:4  | Gained mutation: Your mind is acute. (Int +4, Str/Dex -1)
                  | [potion of mutation]
 51207 | Abyss:4  | Gained mutation: Your mind is very acute. (Int +8, Str/Dex
                  | -2) [potion of mutation]
 51208 | Abyss:4  | Lost mutation: You sometimes lose your temper in combat.
                  | [potion of mutation]
 51208 | Abyss:4  | Lost mutation: You have supernaturally acute eyesight.
                  | (SInv) [potion of mutation]
 51208 | Abyss:4  | Gained mutation: You occasionally lose the ability to drink
                  | potions when taking damage. [potion of mutation]
 51208 | Abyss:4  | Gained mutation: You possess an exceptional clarity of
                  | mind. [potion of mutation]
 51212 | Abyss:4  | Found a corrupted altar of Lugonu.
 51369 | Abyss:4  | Found a corrupted altar of Lugonu.
 51440 | Abyss:4  | Found a corrupted altar of Lugonu.
 51482 | Abyss:4  | Got an abyssal rune of Zot
 51558 | Abyss:4  | Reached XP level 25. HP: 257/257 MP: 34/40
 51620 | Depths:3 | Escaped the Abyss
 51948 | Slime:1  | Entered Level 1 of the Pits of Slime
 52111 | Slime:1  | Reached skill level 1 in Spellcasting
 52365 | Slime:2  | Lost mutation: You possess an exceptional clarity of mind.
                  | [a shining eye]
 52641 | Slime:3  | Lost mutation: Your mind is very acute. (Int +8, Str/Dex
                  | -2) [a shining eye]
 52888 | Slime:5  | Entered Level 5 of the Pits of Slime
 53351 | Slime:5  | Noticed the Royal Jelly
 53411 | Slime:4  | Gained mutation: You are frail. (-10% HP) [a shining eye]
 53413 | Slime:4  | Gained mutation: You are partially covered in iridescent
                  | scales. (AC +2) [a shining eye]
 53513 | Slime:4  | Lost mutation: You are partially covered in iridescent
                  | scales. (AC +2) [potion of mutation]
 53513 | Slime:4  | Lost mutation: Your mind is acute. (Int +4, Str/Dex -1)
                  | [potion of mutation]
 53513 | Slime:4  | Lost mutation: You occasionally lose the ability to drink
                  | potions when taking damage. [potion of mutation]
 53513 | Slime:4  | Gained mutation: You occasionally lose the ability to read
                  | scrolls when taking damage. [potion of mutation]
 53514 | Slime:4  | Lost mutation: You occasionally lose the ability to read
                  | scrolls when taking damage. [potion of mutation]
 53514 | Slime:4  | Lost mutation: You are frail. (-10% HP) [potion of
                  | mutation]
 53514 | Slime:4  | Gained mutation: You occasionally lose the ability to read
                  | scrolls when taking damage. [potion of mutation]
 53514 | Slime:4  | Gained mutation: You have an increased reservoir of magic.
                  | (+10% MP) [potion of mutation]
 53522 | Slime:5  | Identified the +5 tower shield of the Armoured One {Rampage
                  | rC+ Int+2}
 53530 | Slime:5  | Killed the Royal Jelly
 53531 | Slime:5  | Reached skill level 5 in Spellcasting
 53709 | Slime:5  | Identified the ring "Qoacerol" {Fire rN+ Int-4 Dex+3}
 53740 | Slime:5  | Identified the +6 flail of Goqogell {flame, Int+2 SInv
                  | Stlth-}
 53753 | Slime:5  | Identified the +6 leather armour of the Lich-sworn {rElec
                  | rC- rCorr Dex+2}
 53761 | Slime:5  | Identified the staff of Dim Light {rF+ rC++ Fire}
 53802 | Slime:5  | Got a slimy rune of Zot
 54204 | Orc:2    | Bought a scroll of enchant armour for 112 gold pieces
 54295 | Orc:2    | Bought a scroll of teleportation for 30 gold pieces
 54304 | Orc:2    | Bought a scroll of teleportation for 45 gold pieces
 54346 | Orc:2    | Bought a scroll of teleportation for 42 gold pieces
 54346 | Orc:2    | Bought a scroll of teleportation for 42 gold pieces
 54346 | Orc:2    | Bought a scroll of teleportation for 42 gold pieces
 54934 | Crypt:1  | Entered Level 1 of the Crypt
 55655 | Vaults:4 | Lost mutation: You occasionally lose the ability to read
                  | scrolls when taking damage. [potion of mutation]
 55655 | Vaults:4 | Lost mutation: You have an increased reservoir of magic.
                  | (+10% MP) [potion of mutation]
 55655 | Vaults:4 | Gained mutation: You expend magic power (3 MP) to
                  | strengthen your wands. [potion of mutation]
 55655 | Vaults:4 | Gained mutation: You have sharp toenails. [potion of
                  | mutation]
 55655 | Vaults:4 | Gained mutation: You have hidden genetic potential. [potion
                  | of mutation]
 55660 | Vaults:5 | Entered Level 5 of the Vaults
 55666 | Vaults:5 | Reached XP level 26. HP: 266/266 MP: 4/40
 55776 | Vaults:5 | Identified the +9 short sword of Disorder {pain, rC+ Will++
                  | Int+4}
 55975 | Vaults:4 | Learned a level 1 spell: Apportation
 55978 | Vaults:4 | Learned a level 2 spell: Blink
 55983 | Vaults:4 | Learned a level 4 spell: Passage of Golubria
 55996 | Vaults:5 | Reached skill level 1 in Translocations
 56001 | Vaults:5 | Noticed a dread lich
 56010 | Vaults:5 | Killed a dread lich
 56046 | Vaults:5 | Identified the +5 shortbow "Cutish" {heavy, rElec Int+5}
 56050 | Vaults:5 | Noticed an ancient lich
 56064 | Vaults:5 | Killed an ancient lich
 56202 | Vaults:5 | Noticed a dread lich
 56213 | Vaults:5 | Killed a dread lich
 56266 | Vaults:5 | Got a silver rune of Zot
 56372 | Vaults:5 | Identified the +1 war axe of the Teaching Boar {holy, rPois
                  | rF+}
 56736 | Vaults:5 | Identified the ring "Leqal" {Fly rN+ SInv Stlth+}
 56839 | Vaults:5 | Identified the ring of the Smoking Ancients {rCorr Dex+3
                  | SInv}
 57554 | Crypt:2  | Gained mutation: Your system is resistant to poisons.
                  | (rPois) [hidden potential]
 57932 | Crypt:2  | Reached XP level 27. HP: 273/273 MP: 40/40
 57960 | Crypt:2  | Found a runed door.
 58309 | Crypt:2  | Noticed a dread lich
 58314 | Crypt:2  | Killed a dread lich
 58322 | Crypt:2  | Reached skill level 10 in Spellcasting
 58394 | Crypt:2  | Identified a scroll of acquirement
 58403 | Crypt:2  | Got the Discursus on Amalgamated Poison
 58410 | Crypt:2  | Acquired the ring "Husil" {*Corrode rC+ Will+ Str+3 Slay+2}
 58429 | Crypt:2  | Identified the ring of Bydean {Str+6 Int+2 Dex+4}
 58571 | Crypt:3  | Entered Level 3 of the Crypt
 58645 | Crypt:3  | Found a staircase to the Tomb.
 58768 | Crypt:3  | Reached skill level 5 in Translocations
 59031 | Crypt:3  | Found a basalt altar of Yredelemnul.
 59031 | Crypt:3  | Found an ancient bone altar of Kikubaaqudgha.
 59083 | Crypt:3  | Identified the ring of Estamocw {rElec rN+ Dex+2}
 59083 | Crypt:3  | Identified the ring of the Delightful God {rN+ Dex+4}
 59083 | Crypt:3  | Identified the ring "Koefask" {rF+ rN+ MP+9 Dex-5}
 59108 | Crypt:3  | Identified the ring of the Keeping Gods {EV+5 Dex+3}
 59713 | Hell     | Entered the Vestibule of Hell
 59714 | Hell     | Noticed Geryon
 59716 | Hell     | Noticed Murray
 59725 | Hell     | Killed Geryon
 59734 | Hell     | Killed Murray
 59958 | Hell     | Found a gateway to the ashen valley of Gehenna.
 60112 | Hell     | Found a gateway to the freezing wastes of Cocytus.
 60180 | Hell     | Found a gateway to the decaying netherworld of Tartarus.
 60276 | Hell     | Found a gateway to the Iron City of Dis.
 60626 | Vaults:2 | Killed Inony's ghost
 60908 | Pan      | Entered Pandemonium
 61344 | Pan      | Noticed Pitielu the pandemonium lord
 61387 | Pan      | Gained mutation: Your magical capacity is low. (-10% MP) [a
                  | cacodemon]
 61391 | Pan      | Gained mutation: Your muscles are strong. (Str +4, Int/Dex
                  | -1) [hidden potential]
 61391 | Pan      | Lost mutation: You have hidden genetic potential. [hidden
                  | potential expressed]
 61553 | Pan      | Noticed Mennas
 61579 | Pan      | Killed Mennas
 61824 | Pan      | Gained mutation: You occasionally lose the ability to read
                  | scrolls when taking damage. [a neqoxec]
 61849 | Pan      | Noticed Hyishon the pandemonium lord
 61918 | Pan      | Noticed Xukes the pandemonium lord
 61924 | Pan      | Slain by a sun demon

Illustrated notes

Levels and vault maps discovered:
D:1:      wheals_arrival_linesprint, layout_basic, serial_forest,
          infiniplex_forest_clump_cross, infiniplex_forest_straight_2,
          infiniplex_forest_corner_2, infiniplex_forest_corner_1,
          infiniplex_forest_lined_3, infiniplex_forest_straight_4,
          infiniplex_forest_straight_1, chequers_mini_garden,
          serial_bayou_lagoon_b
D:2:      layout_rooms, serial_shops, shop, uniq_jessica
D:3:      corexii_shack_village, layout_rooms, mainiacjoe_overflow_brackets
D:4:      nicolae_cairo_tiling_large_dashed, layout_rooms,
          mainiacjoe_overflow_surrounded_room, okawaru_metal_pillars_1_2,
          nicolae_shop_dragon_depot, uniq_eustachio
D:5:      layout_loops_ring, lemuel_mausoleum_altar_kikubaaqudgha
D:6:      layout_basic, minmay_temple_entry_gardened_gates,
          gup_sewer_entry_pipe, uniq_duvessa
D:7:      layout_layer_cave, grunt_temple_overflow_lords_of_destruction,
          serial_undead, serial_undead_c, serial_undead_c, serial_undead_d,
          serial_undead_b, serial_undead_f, serial_undead_f, serial_park_tiny_2
D:8:      layout_loops_ring, kennysheep_mini_moat
D:9:      layout_long_grid
D:10:     layout_irregular_city
D:11:     layout_roguey, minmay_lair_entry_grove, david_orc_4, minmay_holes,
          nicolae_ashenzari_panopticon
D:12:     layout_basic
D:13:     layout_irregular_city, david_vaults_5, uniq_josephine
D:14:     layout_basic, amcnicky_mini_rare_corridor_liquid, uniq_nessos
D:15:     hangedman_depths_entry_civil_slaughter, layout_stronghold,
          portal_ice_cave_entry_pillars_2, lemuel_tele_altar
Temple:   hellmonk_temple_two_chambers
Lair:1:   layout_regular_city, ebering_ghost_disaster_area
Lair:2:   layout_roguey, swamp_mist, spider_nest_entry_webs, lemuel_oklob_altar
Lair:3:   beast_lair_carwin_large_4, layout_loops_ring, uniq_gastronok
Lair:4:   layout_cave_pods, dreamdust_gnoll_shepherd, lemuel_fruit_tree
Lair:5:   cheibrodos_lair_end_hotspot, layout_layer_cave,
          minmay_slime_entry_oklob_open
Swamp:1:  layout_falls_marsh, hangedman_swamp_pad, swamp_pool4,
          hangedman_swamp_phenomena, infiniplex_staircase_pool
Swamp:2:  cheibrodos_swamp_monstrosity, layout_basic_swamp,
          ebering_ghost_disaster_area, evilmike_swamp_ruin_house_1
Swamp:3:  nzn_winding_woodlands_small [nzn_winding_woodlands_5x15_cabin,
          nzn_winding_woodlands_center_garden,
          nzn_winding_woodlands_5x15_twine], layout_basic_swamp,
          evilmike_swamp_ruin_house_4
Swamp:4:  swamp_alternative, layout_basic_swamp, infiniplex_staircase_pool_2,
          uniq_louise
Spider:1: layout_spider_delve, nicolae_spider_moth_buddies
Spider:2: layout_cave_pods, hive_lemuel, uniq_azrael, uniq_kirke
Spider:3: layout_spider_delve
Spider:4: hellmonk_spider_rune_bug_friends, uniq_arachne
Slime:1:  layout_caves
Slime:2:  layout_caves
Slime:3:  layout_caves, basic_altar, special_room [special_room_jelly]
Slime:4:  layout_caves, cheibrodos_slime_lost_civilization_7
Slime:5
Orc:1:    layout_caves
Orc:2:    st_orc_town, layout_diamond_mine, serial_shops,
          nicolae_shop_peninsula, nicolae_shop_overcharged_wands
Elf:1:    nicolae_elf_arrival_no_cutting_in_line, layout_loops_corners,
          minmay_elf_annihilation, uniq_nikola
Elf:2:    nicolae_elf_blades_splatter_lattice
          [nicolae_blade_entry_floor_patterns], layout_rooms, basic_altar,
          serial_shops, nicolae_shop_back_alley_shop, grunt_megastairs_4
Elf:3:    elf_hall, layout_geoelf_octagon, grunt_megastairs_2
Vaults:1: nicolae_vaults_what_the_h, st_cross, nicolae_vaults_diamond_1,
          hangedman_vaults_restitches, nicolae_vaults_network_quincunx
          [nicolae_vaults_network_quincunx_subvault,
          nicolae_vaults_network_quincunx_subvault,
          nicolae_vaults_network_quincunx_subvault,
          nicolae_vaults_network_quincunx_subvault,
          nicolae_vaults_network_quincunx_subvault], v_alt_pattern_5,
          nicolae_vaults_storage_room_doors, vaults_room_pool,
          nicolae_vaults_trapezoid_lopsided_1, nicolae_vaults_tetromino_Z_1,
          nicolae_vaults_house_2, layout_vaults_omnicross, uniq_saint_roka
Vaults:2: ebering_ghost_rock_garden, vaults_mumra_hex,
          minmay_crypt_entry_simple_plaza, nicolae_vaults_angled_halls,
          nicolae_vaults_shelves_hall, nicolae_vaults_mitosis,
          hangedman_vaults_stitches, nicolae_vaults_closet_pinwheel_4,
          ontoclasm_vaults_twist, nicolae_vaults_sightless_eye,
          nicolae_vaults_house_2, layout_vaults_big_room, uniq_frederick
Vaults:3: nicolae_vaults_trapezoid_lopsided_3, ontoclasm_vaults_fault,
          v_rooms_6, v_pattern_2, nicolae_vaults_offset_grid_hallway_2,
          nicolae_vaults_windows_and_doors_thing, hangedman_vaults_river_flow,
          nicolae_vaults_heart-shaped_vault, v_misc_1, nicolae_vaults_theta,
          nicolae_vaults_bisected_slash, layout_vaults_maze, serial_shops,
          nicolae_shop_advertising_works [nicolae_subvault_shop_adworks],
          uniq_donald, uniq_sojobo, uniq_zenata
Vaults:4: nicolae_vaults_meeting, vaults_room_semicircle, v_alt_pattern_6,
          nicolae_vaults_variable_pillar_hall, nicolae_vaults_network_s,
          ontoclasm_vaults_decontamination, layout_vaults_omnigrid
Vaults:5: serial_shops
Crypt:1:  layout_misc_corridors, nicolae_crypt_little_mausoleum
Crypt:2:  evilmike_wizard_prison, layout_rooms
Crypt:3:  lightli_unholy_cathedral, layout_chaotic_city, feat_on_display
Depths:1: layout_honeycomb, bh_walls_and_bars, hell_entry,
          hangedman_abyss_or_decor_passed, minmay_misc_feat_plants,
          kennysheep_donut, minmay_gold_behind_fungi,
          nicolae_transporter_circle, uniq_mara
Depths:2: minmay_the_grid_3x2 [minmay_the_grid_medium_cups,
          minmay_the_grid_empty, minmay_the_grid_armoury,
          minmay_the_grid_aliased_spiral, minmay_the_grid_box_x,
          minmay_the_grid_prize_four_corners], layout_gridlike,
          pf_hell_entry_great_geh, pan_entry,
          yredelemnul_forgotten_temple_becter, infiniplex_staircase_pool_lava
Depths:3: impenetrable_vault, layout_basic, enter_ziggurat_a, serial_shops,
          nicolae_shop_dealshenge, lemuel_doored_altar,
          abyss_entry_small_statue_room, lightli_too_deep,
          grunt_pan_entry_sceptre, uniq_josephina
Depths:4: lemuel_castle_with_subvaults [lemuel_castle_interior_original],
          layout_cave_pools, solitary_fountain, pf_coc_iceberg,
          guppyfry_shop_venom
Hell
Pan:      grunt_pan_in_and_out, layout_irregular_city, pan_blood_fountain_small,
          evilmike_mini_pan_pillars_b, layout_cellular_growth,
          pan_blood_fountain_small, rand_demon_3, layout_basic, special_room
          [special_room_demon_pit], evilmike_mini_pan_pillars, layout_long_grid,
          uniq_mennas_pan, pan_blood_fountain, pan_disco_hall, layout_rooms,
          nicolae_pan_gloorx_vloqian_1, nicolae_pan_sigil_nadil,
          evilmike_mini_pan_corner, layout_gridlike

Skill      XL: |  1  2  3  4  5  6  7  8  9 10 11 12 13 14 15 16 17 18 19 20 21 22 23 24 25 26 27 |
---------------+----------------------------------------------------------------------------------+-----
Axes           | 3 4 5 6 7 10 13 15 16 17 18 20 21 | 21.0
Fighting       | 4 5 6 7 9 10 11 13 14 15 16 17 19 20 21 23 24 27 | 27.0
Shields        | 4 5 6 9 11 12 14 15 18 21 23 24 | 24.2
Armour         | 4 5 6 7 8 10 12 14 15 16 17 18 19 20 21 | 21.2
Invocations    | 3 6 10 13 16 18 20 21 22 24 26 27 | 27.0
Throwing       | 2 5 |  5.0
Dodging        | 2 5 7 |  7.0
Evocations     | 3 6 10 11 12 15 16 | 16.7
Spellcasting   | 6 9 11 | 11.2
Translocations | 4 7 |  7.6

Action                     |  1- 3 |  4- 6 |  7- 9 | 10-12 | 13-15 | 16-18 | 19-21 | 22-24 | 25-27 || total
---------------------------+-------+-------+-------+-------+-------+-------+-------+-------+-------++-------
  Melee: War axe           |   104 |   230 |   387 |   505 |   730 |       |    25 |       |       ||  1981
         Morningstar       |       |       |       |     5 |    24 |       |       |       |       ||    29
         Broad axe         |       |       |       |       |   329 |  1016 |  1457 |  1745 |  1227 ||  5774
  Throw: Dart              |       |       |       |       |     1 |       |       |       |       ||     1
 Invoke: Divine Shield     |       |       |       |     3 |    11 |     6 |    15 |     8 |     5 ||    48
         Cleansing Flame   |       |       |       |       |    14 |    14 |    19 |    37 |    79 ||   163
         Summon Divine War |       |       |       |       |     1 |     5 |    14 |     5 |    30 ||    55
         Brand Weapon With |       |       |       |       |       |     1 |       |       |       ||     1
  Evoke: Wand              |       |       |       |       |       |     1 |       |       |       ||     1
    Use: Potion            |       |     2 |       |     4 |     3 |     5 |     7 |     3 |    14 ||    38
         Scroll            |       |     4 |     1 |    15 |    12 |     6 |     6 |    18 |    11 ||    73
   Stab: Invisible         |       |     2 |       |       |       |       |       |       |       ||     2
 Armour: Scale mail        |    55 |   134 |   215 |   236 |   158 |       |       |       |       ||   798
         Gold dragon scale |       |       |       |       |   583 |   685 |   920 |   674 |   426 ||  3288
  Dodge: Dodged            |    50 |   116 |   133 |   172 |   258 |   231 |   342 |   238 |   167 ||  1707
  Block: Buckler           |    21 |    50 |    73 |   125 |   378 |   199 |       |       |       ||   846
         Kite shield       |       |       |       |       |       |   405 |  1244 |    27 |       ||  1676
         Tower shield      |       |       |       |       |       |       |       |  1911 |  1331 ||  3242

Table legend: (Time is in decaauts)
 A = Elapsed time spent in this place.
 B = Non-inter-level travel time spent in this place.
 C = Inter-level travel time spent in this place.
 D = Time resting spent in this place.
 E = Time spent auto-exploring this place.
 F = Levels seen in this place.
 G = Mean time per level.
                   A        B        C        D        E       F      G
               +--------+--------+--------+--------+--------+-----+--------+
         Total |  60976 |  52733 |   8243 |   5751 |  32830 |  64 |  952.8 |
       Dungeon |  15471 |  12193 |   3278 |    261 |   9457 |  15 | 1031.4 |
        Temple |     30 |     30 |      0 |      3 |      0 |   1 |   30.0 |
          Lair |   7414 |   6587 |    827 |   1126 |   4364 |   5 | 1482.8 |
         Swamp |   3997 |   3602 |    395 |    405 |   2232 |   4 |  999.2 |
   Spider Nest |   4232 |   3920 |    312 |    529 |   2296 |   4 | 1058.0 |
    Slime Pits |   1841 |   1768 |     73 |    598 |    370 |   5 |  368.2 |
  Orcish Mines |   2130 |   1574 |    556 |     98 |   1050 |   2 | 1065.0 |
   Elven Halls |   5092 |   4694 |    398 |    988 |   2535 |   3 | 1697.3 |
        Vaults |   7885 |   6550 |   1335 |    736 |   4367 |   5 | 1577.0 |
         Crypt |   2746 |   2477 |    269 |     43 |   1824 |   3 |  915.3 |
        Depths |   6277 |   5502 |    775 |    664 |   3252 |   4 | 1569.2 |
          Hell |    565 |    542 |     23 |      0 |    322 |   1 |  565.0 |
         Abyss |   2010 |   2010 |      0 |    181 |    606 |   4 |  502.5 |
   Pandemonium |    943 |    943 |      0 |    104 |     10 |   6 |  157.2 |
         Sewer |    255 |    255 |      0 |      0 |    141 |   1 |  255.0 |
      Ice Cave |     81 |     81 |      0 |     13 |      0 |   1 |   81.0 |
               +--------+--------+--------+--------+--------+-----+--------+

Top non-repeatable levels by time:
   Elf:3: 2391 daAuts
  Lair:5: 1905 daAuts
Vaults:2: 1868 daAuts
Vaults:1: 1818 daAuts
    D:11: 1785 daAuts
Depths:3: 1750 daAuts
Depths:4: 1664 daAuts
Vaults:4: 1609 daAuts
   Orc:2: 1573 daAuts
Spider:3: 1560 daAuts
  Lair:1: 1552 daAuts
     D:7: 1521 daAuts
  Lair:4: 1497 daAuts
    D:13: 1473 daAuts
Depths:2: 1442 daAuts
